AoeStats
← Soracha(o'-')o

Arena

510514353Analyzed
4v4 RM · 3d ago on Oct 1, 2026· 39m 8s· 8 players
Game mode
Random Map
Map size
Large (8 player)
Population
200
Speed
Normal
Resources
Standard
Victory
Conquest
Starting age
Dark Age
Ending age
Imperial Age
RankedLock teamsTeams togetherTeam positionsShared explorationLock speedFull tech treeHidden civsTurbo modeCheats
Victory
Defeat
🇨🇳 Malians · China
1196
+10
🇨🇳 Turks · China
1107
+14
🇨🇳 Huns · China
1085
+15
🇯🇵 Cumans · Japan
1051
+16
🇪🇸 Teutons · Spain
1136
-17
🇫🇷 Italians · France
1039
-13
🇨🇿 Khmer · Czechia
1031
-13
🇹🇷 Magyars · Türkiye
1017
-12
Soracha(o'-')o
7:48 Loom
10:55 Feudal Age
11:17 Horse Collar
11:40 Double-Bit Axe
11:47 Gold Mining
14:24 Stone Mining
18:12 Castle Age
16:32 Stone Mining
18:06 Bloodlines
18:51 Forging
20:25 Town Watch
21:27 Fervor
22:38 Wheelbarrow
23:51 Gold Shaft Mining
23:47 Heavy Plow
28:21 Bow Saw
28:32 Fletching
29:25 Scale Barding Armor
29:56 Iron Casting
29:50 Devotion
29:58 Bodkin Arrow
30:05 Padded Archer Armor
31:12 Hand Cart
31:52 Ballistics
31:44 Masonry
36:02 Imperial Age
33:57 Steppe Husbandry
34:29 Leather Archer Armor
35:32 Chain Barding Armor
35:09 Arson
35:26 Squires
37:09 Conscription
36:55 Elite Kipchak
39:00 Chemistry
39:09 Cuman Mercenaries
40:05 Ring Archer Armor
130农在出兵
10:11 Feudal Age
14:05 Castle Age
11:56 Double-Bit Axe
13:46 Horse Collar
21:13 Fervor
22:47 Loom
23:05 Heavy Plow
24:01 Bow Saw
24:27 Gold Mining
25:45 Stone Mining
26:34 Gold Shaft Mining
26:36 Wheelbarrow
30:20 Imperial Age
29:01 Ballistics
28:22 Treadmill Crane
28:35 Fletching
28:46 Padded Archer Armor
29:04 Hand Cart
31:45 Conscription
32:50 Town Watch
33:03 Bodkin Arrow
33:23 Leather Archer Armor
33:28 Fortified Wall
34:30 Two-Man Saw
33:10 Elite Janissary
34:37 Bracer
35:03 Bombard Tower
34:40 Murder Holes
34:57 Masonry
35:30 Town Patrol
37:44 Sipahi
37:24 Artillery
38:00 Hoardings
36:56 Sappers
38:06 Ring Archer Armor
37:30 Arrowslits
37:36 Guard Tower
38:17 Architecture
39:06 Spies/Treason
HajimiManbo
11:21 Feudal Age
12:22 Double-Bit Axe
12:18 Horse Collar
15:41 Castle Age
17:23 Loom
18:57 Scale Mail Armor
19:08 Forging
19:53 Bow Saw
21:35 Gold Mining
29:28 Chain Mail Armor
29:48 Iron Casting
嬴政1号
10:33 Feudal Age
14:48 Castle Age
13:29 Double-Bit Axe
21:44 Wheelbarrow
21:26 Bow Saw
20:58 Horse Collar
23:30 Hand Cart
23:25 Heavy Plow
24:33 Gold Mining
24:33 Stone Mining
27:16 Scale Barding Armor
27:22 Forging
27:32 Husbandry
27:42 Bloodlines
29:14 Chain Barding Armor
29:29 Iron Casting
31:52 Imperial Age
30:29 Gold Shaft Mining
30:19 Marauders
31:17 Loom
31:19 Town Watch
33:05 Conscription
32:06 Elite Tarkan
33:51 Two-Man Saw
33:32 Plate Barding Armor
33:59 Blast Furnace
BillyBat
9:38 Feudal Age
11:14 Wheelbarrow
16:52 Castle Age
15:26 Horse Collar
15:42 Double-Bit Axe
16:18 Stone Mining
18:57 Stone Shaft Mining
18:40 Bow Saw
23:00 Hand Cart
23:08 Heavy Plow
30:06 Imperial Age
28:15 Gold Mining
29:25 Fletching
29:36 Padded Archer Armor
31:17 Ballistics
32:28 Bodkin Arrow
32:48 Leather Archer Armor
32:56 Heated Shot
34:20 Murder Holes
niyazifatihalbayrak
12:11 Feudal Age
15:00 Double-Bit Axe
17:49 Castle Age
21:19 Gold Mining
21:41 Bow Saw
21:14 Horse Collar
23:00 Loom
23:00 Town Watch
23:39 Heavy Plow
24:53 Gold Shaft Mining
24:08 Stone Mining
25:52 Fletching
26:02 Padded Archer Armor
26:46 Wheelbarrow
27:51 Ballistics
27:28 Bodkin Arrow
27:49 Leather Archer Armor
28:15 Thumb Ring
30:36 Hand Cart
30:23 Town Patrol
sepereti
10:52 Feudal Age
15:41 Castle Age
13:58 Double-Bit Axe
14:27 Horse Collar
15:33 Gold Mining
21:34 Wheelbarrow
23:23 Heavy Plow
24:30 Hand Cart
24:01 Pikeman
24:41 Squires
27:41 Loom
28:04 Crossbowman
29:10 Padded Archer Armor
29:01 Fletching
BulldokCZE
10:25 Feudal Age
8:41 Loom
15:17 Castle Age
13:34 Double-Bit Axe
13:57 Stone Mining
14:54 Horse Collar
16:12 Bow Saw
16:58 Loom
20:53 Bloodlines
23:54 Scale Barding Armor
36:57 Pikeman
37:22 Arson
38:34 Forging
Connection lost

Rejoining the realm…

Still unreachable

The connection could not be restored.

Session expired

The server has moved on; the page needs a fresh start.